Cogmind - Beta 13 @@@ ROGUE MODE // 2024.04.03 @ 18:25:11 Player: Olmer Result: Destroyed by D-53 Grenadier with Mini Grenade Launcher Performance ------------- Evolutions (0) 0 Regions Visited (2) 400 Robots Destroyed (21) 105 Value Destroyed (608) 608 Prototype IDs (0) 0 Alien Tech Used (0) 0 Bonus (0) 0 TOTAL SCORE: 1113 Bonus ------- None Cogmind --------- Core Integrity 0/250 Matter 292/300 Energy 125/125 System Corruption 4% Temperature Cool (49) Movement Core (200) Ox3 Location -10/Mines Parts ------- > --- POWER (1) -------- Light Ion Engine > --- PROPULSION (2) --- (None) > --- UTILITY (2) ------ Small Storage Unit Signal Interpreter > --- WEAPON (2) ------- Medium Laser Light Assault Rifle > --- INVENTORY (8) ---- Ion Engine Light Ion Engine Light Treads Aluminum Leg Wheel Wheel Large Battery (200) Small Laser Peak State ------------ > --- POWER ------------ Light Ion Engine > --- PROPULSION ------- Aluminum Leg Aluminum Leg > --- UTILITY ---------- Small Storage Unit Large Battery > --- WEAPON ----------- EM Pulse Gun Assault Rifle > --- INVENTORY -------- Wheel Wheel Small Laser Light Assault Rifle [Rating: 7] Favorites ----------- Power Light Ion Engine Engine Light Ion Engine Propulsion Aluminum Leg Leg Aluminum Leg Utility Small Storage Unit Device Sensor Array Storage Small Storage Unit Processor Signal Interpreter Weapon Assault Rifle Energy Gun EM Pulse Gun Ballistic Gun Assault Rifle Build | -11 -10 -10 ------- Run | Yrd Mat Min Slots Evolved . | . . . Power . | . . . Propulsion . | . . . Utility . | . . . Weapon . | . . . Parts Attached 13 | 5 8 . Power 2 | 1 1 . Engine 2 | 1 1 . Core . | . . . Reactor . | . . . Propulsion 3 | 2 1 . Treads . | . . . Leg 3 | 2 1 . Wheel . | . . . Hover . | . . . Flight . | . . . Utility 4 | . 4 . Device 1 | . 1 . Storage 2 | . 2 . Processor 1 | . 1 . Hackware . | . . . Protection . | . . . Artifact . | . . . Weapon 4 | 2 2 . Energy Gun 2 | 1 1 . Energy Cannon . | . . . Ballistic Gun 2 | 1 1 . Ballistic Cannon . | . . . Launcher . | . . . Special Weapon . | . . . Impact Weapon . | . . . Slashing Weapon . | . . . Piercing Weapon . | . . . Special Melee Weapon . | . . . Unidentified Prototypes . | . . . Parts Lost 4 | . 2 2 Power . | . . . Propulsion 2 | . . 2 Utility . | . . . Weapon 2 | . 2 . Highest Loss Streak 2 | . 1 2 To Critical Strikes . | . . . Average Slot Usage (%) 99 | . 99 100 Engine 14 | . 14 14 Leg 28 | . 28 28 Device 8 | . 9 . Storage 17 | . 17 14 Processor 1 | . . 14 Energy Gun 10 | . 10 14 Ballistic Gun 17 | . 17 14 Naked Turns . | . . . Heaviest Build 15 | 7 15 11 Greatest Support 20 | 20 20 20 Greatest Overweight (x) . | . . . Average Overweight (x) . | . . . Largest Inventory Capacity 8 | 5 8 8 Average Capacity 5 | 5 7 8 Most Carried 8 | 4 8 8 Average Carried 4 | 3 7 8 Final Capacity 8 | 5 8 8 Final Carried 8 | 4 8 8 Class Distribution -------------------- 100% | Mutant Dominant Class ---------------- Mutant | -10/Materials Mutant | -10/Mines Resources | -11 -10 -10 ----------- Run | Yrd Mat Min Matter Collected 475 | 253 201 21 Remotely . | . . . Salvage Created 713 | 37 659 17 Parts 48 | 1 46 1 Haulers Intercepted . | . . . Recyclers Shooed . | . . . Parts Field Recycled . | . . . Retrieved Matter . | . . . Parts Self-Destructed . | . . . Prevented . | . . . Kills | -11 -10 -10 ------- Run | Yrd Mat Min Combat Hostiles Destroyed 16 | 1 14 1 Guns 12 | . 11 1 AOE 4 | 1 3 . Classes Destroyed 6 | 1 4 1 Builder 1 | . 1 . Recycler 1 | . 1 . Watcher 3 | . 3 . Swarmer 3 | . 3 . Grunt 12 | 1 11 . Sentry 1 | . . 1 Best Kill Streak 5 | 1 5 1 Combat Bots Only 4 | 1 4 1 Max Kills in Single Turn 4 | 1 4 1 Gunslinging 1 | . 1 . Exploded 3 | 1 3 . Melee . | . . . Uniques/NPCs Destroyed . | . . . Combat | -11 -10 -10 -------- Run | Yrd Mat Min Hostile Shots Fired 87 | 1 62 24 Missed 28 | 1 20 7 Damage Taken 912 | . 492 420 Core 264 | . 118 146 Absorbed by Shields . | . . . Core Remaining (%) 100 | 100 . . Volleys Fired 48 | 1 44 3 Largest 2 | 2 2 2 Hottest 70 | 60 70 70 Shots Fired 99 | 2 91 6 Gun 99 | 2 91 6 Cannon . | . . . Launcher . | . . . Special . | . . . Kinetic 61 | 1 57 3 Thermal 21 | . 18 3 Explosive . | . . . Electromagnetic 17 | 1 16 . Robot Hit Streak 8 | 1 8 3 Robot Miss Streak 4 | 1 4 3 Penetration Max . | . . . Secondary Targets 3 | . 2 1 Max Gunslinging Chain 1 | . 1 1 Shots Hit Robots 56 | 1 52 3 Core Hits 36 | 1 34 1 Critical Kills . | . . . Critical Parts Destroyed . | . . . Critical Strikes 4 | . 3 1 Burn 4 | . 3 1 Melee Attacks . | . . . Impact . | . . . Slashing . | . . . Piercing . | . . . Sneak Attacks . | . . . Combat Hostiles . | . . . Follow-up Attacks . | . . . Damage Inflicted 1117 | 51 1039 27 Guns 654 | 15 612 27 Cannons . | . . . Explosions 463 | 36 427 . Melee . | . . . Ramming . | . . . Kinetic 372 | . 358 14 Thermal 269 | 36 220 13 Explosive . | . . . Electromagnetic 476 | 15 461 . Impact . | . . . Slashing . | . . . Piercing . | . . . Highest Corruption 4 | . 4 4 Average Corruption 3 | . 3 4 Corruption Purged . | . . . Corruption Blocked . | . . . Effects 34 | . 32 2 Message Errors 9 | . 8 1 Matter Fused 7 | . 7 . Heat Flow Errors 3 | . 3 . Energy Discharges 7 | . 6 1 Parts Fused 1 | . 1 . Data Loss (minor) 1 | . 1 . Misfires 4 | . 4 . Alerts 1 | . 1 . Weapon Failures 1 | . 1 . Overload Shots . | . . . Overflow Damage 1 | . 1 . Projectiles . | . . . Explosions 1 | . 1 . Melee . | . . . Knockbacks . | . . . Impact . | . . . Kinetic . | . . . Secondary . | . . . Self-Inflicted Damage 52 | . 52 . Shots 2 | . 2 . Rammed . | . . . Targets Rammed . | . . . Kicked . | . . . Crushed . | . . . Highest Temperature 280 | . 280 49 Average Temperature 49 | . 50 25 Received Heat Transfer 234 | . 189 45 Effects 1 | . 1 . Interference 1 | . 1 . Siege Activations . | . . . Robots Corrupted . | . . . Combat Hostiles . | . . . Parts Fried 1 | . 1 . Impact Corruptions . | . . . Robots Melted . | . . . Combat Hostiles . | . . . Parts Melted 2 | . 2 . Heat Transferred 829 | 50 668 111 Parts Sabotaged . | . . . Parts Stolen . | . . . Parts Stripped . | . . . Power Chain Reactions 2 | 1 1 . Alert | -11 -10 -10 ------- Run | Yrd Mat Min Peak Influence 278 | 20 278 62 Initial 22 | . . 22 Average 27 | 1 114 25 Maximum Alert Level 1 | . 1 . Low Security (%) 97 | 100 87 100 Level 1 2 | . 12 . Level 2 . | . . . Level 3 . | . . . Level 4 . | . . . Level 5 . | . . . High Security . | . . . Max Security . | . . . Squads Dispatched 4 | . 4 . Investigation 1 | . 1 . Extermination . | . . . Reinforcement 3 | . 3 . Assault . | . . . Garrison . | . . . Intercept . | . . . Searches Triggered . | . . . Construction Impeded . | . . . Haulers Reinforced . | . . . Active Scanning Responses . | . . . Cargo Convoy Interrupts . | . . . Stealth | -11 -10 -10 --------- Run | Yrd Mat Min Distress Signals 1 | . 1 . Communications Jammed . | . . . Distress Signals . | . . . Times Spotted 32 | 1 22 9 Peak Tracking Total 6 | 1 5 6 Tactical Retreats 1 | . 1 . Traps | -11 -10 -10 ------- Run | Yrd Mat Min Traps Triggered 4 | . 4 . Indirectly . | . . . Trap Hack Attempts . | . . . Triggered . | . . . Disarmed . | . . . Reprogrammed . | . . . Reused . | . . . Traps Extracted . | . . . Installed . | . . . Triggered . | . . . Machines | -11 -10 -10 ---------- Run | Yrd Mat Min Machines Disabled 4 | . 4 . Max in Single Turn 3 | . 3 . Machines Repaired . | . . . Machines Dismantled . | . . . Machines Sabotaged . | . . . Overloaded Fab Kills . | . . . Hacking | -11 -10 -10 --------- Run | Yrd Mat Min Machines Accessed 7 | . 7 . Terminals 4 | . 4 . Fabricators . | . . . Repair Stations 1 | . 1 . Recycling Units 2 | . 2 . Scanalyzers . | . . . Garrison Access . | . . . Total Hacks 15 | . 15 . Successful 10 | . 10 . Failed 5 | . 5 . Catastrophic . | . . . Database Lockouts . | . . . Manual 1 | . 1 . Terminals 8 | . 8 . Fabricators . | . . . Repair Stations 2 | . 2 . Recycling Units 5 | . 5 . Scanalyzers . | . . . Garrison Access . | . . . Terminal Hacks 7 | . 7 . Record 3 | . 3 . Locate Traps 1 | . 1 . Reinforcement Status 1 | . 1 . Hauler Manifests 1 | . 1 . Zone Layout 1 | . 1 . Fabricator Hacks . | . . . Repair Station Hacks . | . . . Recycling Unit Hacks 3 | . 3 . Report Inventory 2 | . 2 . Retrieve Components 1 | . 1 . Scanalyzer . | . . . Garrison Access Hacks . | . . . Unauthorized Hacks . | . . . Terminals . | . . . Fabricators . | . . . Repair Stations . | . . . Recycling Units . | . . . Scanalyzers . | . . . Garrison Access . | . . . Data Cores Recovered . | . . . Used . | . . . Hacking Detections 6 | . 6 . Full Trace Events . | . . . Feedback Events . | . . . Feedback Blocked . | . . . Robot Schematics Acquired . | . . . Robots Built . | . . . Authchips . | . . . Time . | . . . Total Robot Build Rating . | . . . Part Schematics Acquired . | . . . Parts Built . | . . . Authchips . | . . . Time . | . . . Total Part Build Rating . | . . . Parts Repaired . | . . . Time . | . . . Parts Recycled . | . . . Recycled Matter . | . . . Retrieved Matter . | . . . Retrieved Components 4 | . 4 . Parts Scanalyzed . | . . . Part Schematics Acquired . | . . . Parts Damaged . | . . . Bothacking | -11 -10 -10 ------------ Run | Yrd Mat Min Used RIF Installer . | . . . Robots Hacked . | . . . Non-combat . | . . . Combat . | . . . Robot Hacks Applied . | . . . Relay Couplers Released . | . . . Fabnet Peak Effective % . | . . . Robots Rewired . | . . . Allies Hacked . | . . . Hacks Repelled . | . . . Allies | -11 -10 -10 -------- Run | Yrd Mat Min Total Allies . | . . . Largest Group . | . . . Highest-Rated Group . | . . . Highest-Rated Ally . | . . . Total Orders . | . . . Ally Attacks . | . . . Total Damage . | . . . Kills . | . . . Allies Corrupted . | . . . Allies Melted . | . . . Intel | -11 -10 -10 ------- Run | Yrd Mat Min Robot Analysis Total . | . . . Derelict Logs Recovered 1 | . . 1 Drone Launches . | . . . Drone Recoveries . | . . . Exploration | -11 -10 -10 ------------- Run | Yrd Mat Min Turns Passed 6318 | 4727 1419 172 Spaces Moved 2545 | 1516 925 104 Core 17 | 17 . . Treads . | . . . Legs 2528 | 1499 925 104 Wheels . | . . . Hover . | . . . Flight . | . . . Fastest Speed 50 | 50 120 120 Average Speed 119 | 119 120 120 Slowest Speed 120 | 120 120 120 Overloaded Moves . | . . . Propulsion Burnouts . | . . . Robots Hopped . | . . . Cave-ins Triggered . | . . . Exploration Rate (%) 75 | 103 96 26 Regions Visited 2 Branch Regions 1 Pre-discovered Areas . | . . . Known Exits Taken 1 | . 1 . Unknown Exits Taken 1 | 1 . . Scrap Searched 1 | . . 1 Spaces Dug . | . . . Terrain Destroyed . | . . . Melee . | . . . Projectile . | . . . AOE . | . . . Terrain Rammed . | . . . Walls Destroyed . | . . . Machines Disabled . | . . . Actions | -11 -10 -10 --------- Run | Yrd Mat Min Total 5731 | 4432 1153 146 Wait 3104 | 2904 161 39 Move 2543 | 1515 924 104 Hop . | . . . Pick Up 17 | 7 10 . Fast Attach 4 | 2 2 . Attach 7 | 3 4 . Detach . | . . . Swap 2 | . 2 . Drop 6 | . 6 . Fire 48 | 1 44 3 Melee . | . . . Ram . | . . . Kick . | . . . Crush . | . . . Escape Stasis . | . . . Rewire . | . . . Trap . | . . . Miscellaneous . | . . . Route ------- -11/Scrapyard -10/Materials (discovered 4 exits: *Mat x3 / *Min) -10/Mines (discovered 1 exit: *Mat) History --------- Turn | Location | Event 2 | -11/Scrapyard | Met Revision 17 83 | -11/Scrapyard | Discovered new exit (range 8) 4728 | -11/Scrapyard | Entered Materials 4729 | -10/Materials | Build established: Mutant 4835 | -10/Materials | Discovered new exit (range 3) 5090 | -10/Materials | Discovered new exit (range 12) 5527 | -10/Materials | Discovered new exit (range 16) 5553 | -10/Materials | Discovered new exit (range 15) 6129 | -10/Materials | Identified exit to Mines 6147 | -10/Materials | Entered Mines 6157 | -10/Mines | Discovered new exit (range 15) 6190 | -10/Mines | Identified exit to Materials 6220 | -10/Mines | Learned Materials emergency access door positions 6260 | -10/Mines | Assembled infested the area 6265 | -10/Mines | Assisted by a Guerilla fighting off Assembled 6288 | -10/Mines | Core integrity fell below 50% 6316 | -10/Mines | Core integrity fell below 20% 6319 | -10/Mines | Destroyed by D-53 Grenadier with Mini Grenade Launcher Last Messages --------------- 06276_ HV Slug penetrates Wall. 06278_ HV Slug penetrates as-72134. 06278_ as-62683 suffers critical hit (Destroy). 06279_ T-07 Excavator is excavating. 06280_ PE-TQB(h) destroyed. 06284_ as-62683 destroyed. 06284_ U-05 Engineer destroyed. 06293_ as-72134 sneak attacks. 06293_ as-72134 destroyed. 06294_ as-74925 destroyed. 06299_ as-85330 destroyed. 06301_ T-07 Excavator is excavating. 06315_ Aluminum Leg destroyed. 06317_ Y-45 Defender suffers critical hit (Burn). 06317_ Y-45 Defender destroyed. 06317_ Switching to secondary target: Y-45 Defender. 06318_ T-07 Excavator is excavating. 06318_ Aluminum Leg destroyed. Map ----- +----------------------------------------------------+ | | | | | | | | | | | | | | | | | | | | | | | | | | | ?????????????????????????????????????????????????? | | ?????????????????????????????????????????????????? | | ?????????????????????????????????????????????????? | | ??????????????????????????###????????????????????? | | ????????????????????????## #????????????????????? | | ????????????????????????# t##???????????????????? | | ???????????????????????? #???????????????????? | | ??????????????????????### #???????????????????? | | ?????????????????????## ###???????????????????? | | ????????????????????## Y%= ##????????????##????? | | ????????????????????# #????????????? ###?? | | ????????????????????# #?????????????# #?# | | ???????????????????## @ #?????????????# ### | | ?????????????###?### #?????????????# ## | | ????????????##" ## #????????###### # | | ????????????#"" # #????????# | | ????????????#!! +% #????????# ####### | | ????????????#[! + ##????????# #?????## | | ????????????#"" # ###?????????# #??????## | | ????????????##" ## ##???????????# #???????# | | ?????????????### #????????????# #???????? | | ??????????????? dd######????????# #???????? | | ??????????????# =%### ##???????# #???????? | | ??????????????## ! ##??????# #####???? | | ??????????????? ##?????# ## ##??? | | ??????????????? ##???## #??? | | ???????????? ##??# ##?? | | ??????????? #### #?? | | ???????????##"##### #?? | | ????????????#??????## ## ### | | ????????????????????# ####### #### * | | ????????????????????## ##?????####?# ##### # | | ?????????????????????####??????????# ##???# # | | ??????????????????????????????????# ##???## # | | ?????????????????????????????????# ##???## | | ?????????????????????????????????# ##????# | | ?????????????????????????????????## #?????# | +----------------------------------------------------+ Best States ------------- Heat Dissipation 25 Energy Generation 10 Energy Capacity 325 Matter Stores 300 Matter Capacity 300 Sight Range 16 Robot Scan Range 14 Terrain Scan Density 10 Evasion (%) 55 Item Schematics ----------------- None Robot Schematics ------------------ None Fabricated ------------ Nothing Alien Tech Used ----------------- None Achievements -------------- None Challenges ------------ None Game ------ Seed BiocellRecoilMonowheel Manual? 0 Play Time 00:56:42 Cumulative 6.0 hours Start 2024.04.03 @ 10:29:58 End 2024.04.03 @ 18:25:11 Sessions 9 Manual Loads 0 Difficulty Rogue Special Mode None Game No. 3 Rogue 3 Adventurer 0 Explorer 0 Win Type - Total 0 Types 0/0/0/0/0/0/0/0/0 Lore% 9 Gallery% 4 Achievement% 7 Wizard Run 0 Options --------- Layout 1 ASCII 0 Keyboard 0 Movement Mouse Keybinds 0 Fullscreen 1 Font 48/Smallcaps Map View 50x35 Zoom Use 0% Tactical HUD 1 Map Filters NONE Filters NONE Steam 1 RUN: a916317d-924f-4ec2-b116-5a1f686a0640